 Dungeon Crawl Stone Soup version 0.29.1-1-gd02db69 (webtiles) character file.

Game seed: 17127040092216272371

46 Kel the Chopper (level 3, -2/23 HPs)
             Began as a Gargoyle Berserker on Nov 27, 2022.
             Was a Follower of Trog.
             Slain by a worm (6 damage)
             ... on level 2 of the Dungeon.
             The game lasted 00:02:16 (2332 turns).

Kel the Chopper (Gargoyle Berserker)                Turns: 2332, Time: 00:02:17

Health: -2/23      AC: 14    Str: 22    XL:     3   Next: 66%
Magic:  3/3        EV:  6    Int:  7    God:    Trog [*.....]
Gold:   70         SH:  0    Dex:  9    Spells: 2/2 levels left

rFire   . . .      SeeInvis .   a - +0 hand axe
rCold   . . .      Faith    .   (no shield)
rNeg    + . .      Spirit   .   i - +0 plate armour
rPois   ∞          Reflect  .   (no helmet)
rElec   +          Harm     .   (no cloak)
rCorr   .          Rampage  .   (no gloves)
Will    .....                   (no boots)
Stlth   ..........              (no amulet)
HPRegen 0.07/turn               (no ring)
MPRegen 0.08/turn               (no ring)

@: no status effects
A: sickness immunity, AC +3, negative energy resistance 1, electricity
resistance, torment resistance 1, petrification resistance
a: Renounce Religion, Berserk


You were on level 2 of the Dungeon.
You worshipped Trog.
Trog was aware of your devotion.
You visited 1 branch of the dungeon, and saw 2 of its levels.

You collected 70 gold pieces.

Inventory:

Hand Weapons
 a - a +0 hand axe (weapon)
Armour
 i - a +0 plate armour (worn)
Scrolls
 b - 2 scrolls of identify {unknown}
 d - a scroll of immolation {unknown}
 e - 3 scrolls of teleportation {unknown}
 g - a scroll of summoning {unknown}
Potions
 c - a potion of degeneration {unknown}
 h - a potion of cancellation {unknown}


   Skills:
 - Level 3.2 Fighting
 + Level 4.1 Axes
 - Level 2.1 Armour
 - Level 1.5 Dodging


You had 2 spell levels left.
You didn't know any spells.
Your spell library was empty.

Dungeon Overview and Level Annotations

Branches:
Dungeon (2/15)

Altars:

Annotations:
D:1 2 transporters


Innate Abilities, Weirdness & Mutations

You are immune to sickness and miasma.
Your stone body is resilient. (AC +3)
You are immune to poison.
You resist negative energy. (rN+)
You are resistant to electric shocks. (rElec)
You are resistant to unholy torment.
You are immune to petrification.


Message History

No target in view!
No target in view!
No target in view!
No target in view!
No target in view!
You now have 60 gold pieces (gained 13).
You now have 70 gold pieces (gained 10).
You see here a +0 ring mail.
You see here 5 boomerangs.
Found a quarterstaff.
You see here a +0 quarterstaff.
You can no longer call upon Trog for regeneration and willpower.
A worm comes into view.
The worm bites you.
You hit the worm.
The worm is moderately wounded.
The worm bites you.
You are too injured to fight recklessly!
You are too injured to fight recklessly!
You are too injured to fight recklessly!
You are too injured to fight recklessly!
You are too injured to fight recklessly!
You completely miss the worm.
The worm is lightly wounded.
You hit the worm.
The worm is moderately wounded.
The worm completely misses you.
You barely miss the worm.
The worm is moderately wounded.
The worm bites you.
You barely miss the worm.
The worm is lightly wounded.
You hit the worm but do no damage.
The worm is lightly wounded.
The worm bites you!
* * * LOW HITPOINT WARNING * * *
You hit the worm.
The worm is moderately wounded.
The worm bites you.
You die...

..........
#.##.##.#
...###.###
#....##.#
..... .#
#.#####.#
###### #
#.#####.#
#.......#
#.####### #
#.#
#.##.####.#
#....w@...#
......######
###.. # ## #
# #####
....# ###.#


You could see a worm.

Vanquished Creatures
  An adder (D:2)
  2 worms (D:2)
  4 endoplasms
  2 giant cockroaches (D:1)
  2 goblins
  3 hobgoblins
  2 jackals (D:2)
  4 ball pythons (D:1)
  A bat (D:2)
  3 frilled lizards
  6 kobolds
30 creatures vanquished.

Notes
Turn   | Place    | Note
-------+----------+-------------------------------------------
     0 | D:1      | Kel the Gargoyle Berserker began the quest for the Orb.
     0 | D:1      | Reached XP level 1. HP: 14/14 MP: 1/1
   450 | D:1      | Reached skill level 3 in Axes
   692 | D:1      | Reached XP level 2. HP: 14/19 MP: 2/2
  1520 | D:2      | Reached XP level 3. HP: 14/23 MP: 3/3
  1830 | D:2      | Reached skill level 4 in Axes
  2007 | D:2      | Reached ** piety under Trog
  2332 | D:2      | Slain by a worm

Illustrated notes

Levels and vault maps discovered:
D:1:      spicycebolla_arrival_transporter_tutorial, layout_basic,
          chequers_serial_rivers_small_a
D:2:      layout_loops_cross

Skill      XL: |  1  2  3 |
---------------+----------+-----
Axes           | 3 4 |  4.1
Fighting       | |  3.2
Armour         | |  2.1
Dodging        | |  1.5

Action                   || total
-------------------------++-------
Melee: Hand axe          ||   113
       Punch             ||     2
Armor: Leather armour    ||     1
       Animal skin       ||     1
       Ring mail         ||    13
       Plate armour      ||    22
Dodge: Dodged            ||    49
